AoeStats
← undercat

Arabia

508439109Analyzed
1v1 RM · 10d ago on Sep 22, 2026· 21m 49s· 2 players
Game mode
Random Map
Map size
Tiny (2 player)
Population
200
Speed
Normal
Resources
Standard
Victory
Conquest
Starting age
Dark Age
Ending age
Imperial Age
RankedLock teamsTeams togetherTeam positionsShared explorationLock speedFull tech treeHidden civsTurbo modeCheats
Victory
Defeat
🇹🇼 Khmer · Taiwan
932
+17
🇩🇪 Goths · Germany
954
-17
undercat
7:47 Loom
10:03 Feudal Age
10:11 Man-at-Arms
12:57 Town Watch
16:58 Double-Bit Axe
20:30 Castle Age
19:12 Fletching
19:48 Padded Archer Armor
21:07 Bodkin Arrow
20:41 Crossbowman
Captain_Spirit
7:10 Loom
9:48 Feudal Age
12:11 Man-at-Arms
14:47 Double-Bit Axe
18:11 Wheelbarrow
23:14 Castle Age
Connection lost

Rejoining the realm…

Still unreachable

The connection could not be restored.

Session expired

The server has moved on; the page needs a fresh start.